 Dungeon Crawl Stone Soup version 0.30.0-7-g0c4daa9e05 (webtiles) character file.

Game seed: 11761118478053173308

2170 Atelerd the Thaumaturge (level 9, 0/53 HPs)
             Began as an Octopode Earth Elementalist on May 13, 2023.
             Was a Follower of Sif Muna.
             Slain by Edmund
             ... wielding a +0 flail of holy wrath
              (11 damage)
             ... on level 5 of the Dungeon.
             The game lasted 00:06:33 (6024 turns).

Atelerd the Thaumaturge (OpEE)                      Turns: 6024, Time: 00:06:33

Health: 0/53       AC:  1    Str:  8    XL:     9   Next: 32%
Magic:  19/23      EV: 13    Int: 21    God:    Sif Muna [*.....]
Gold:   250        SH:  0    Dex: 12    Spells: 23/28 levels left

rFire   . . .        s - +0 dagger (venom)
rCold   . . .        (no shield)
rNeg    . . .        (helmet restricted)
rPois   .            n - amulet of regeneration
rElec   .            b - ring of see invisible
rCorr   +            v - ring of wizardry
SInv    +            y - ring of resist corrosion
Will    .....        (no ring)
Stlth   ++++         (no ring)
HPRegen 1.08/turn    (no ring)
MPRegen 0.18/turn    (no ring)
                     (no ring)

%: wizardry (x1)
@: no status effects
A: almost no armour, amphibious, 8 rings, camouflage 1, gelatinous body 1,
(nimble swimmer 1), tentacles
a: Renounce Religion, Channel Magic


You were on level 5 of the Dungeon.
You worshipped Sif Muna.
Sif Muna was aware of your devotion.
You visited 2 branches of the dungeon, and saw 7 of its levels.
You also visited: Ossuary.

You collected 250 gold pieces.

Inventory:

Hand Weapons
 c - a +0 dagger
 s - a +0 dagger of venom (weapon)
Jewellery
 b - a ring of see invisible (left tentacle)
 n - an amulet of regeneration (around mantle)
 p - an amulet of reflection
 v - a ring of wizardry (right tentacle)
 y - a ring of resist corrosion (on tentacle)
Wands
 a - a wand of polymorph (10)
 h - a wand of roots (7)
Scrolls
 d - 5 scrolls of identify {unknown}
 e - 2 scrolls of teleportation {unknown}
 f - 2 scrolls of vulnerability {unknown}
 g - a scroll of amnesia {unknown}
 j - a scroll of butterflies {unknown}
 l - a scroll of immolation {unknown}
 o - a scroll of poison {unknown}
 q - a scroll of magic mapping {unknown}
 r - 2 scrolls of enchant weapon {unknown}
 t - a scroll of silence {unknown}
 u - a scroll of enchant armour {unknown}
Potions
 i - a potion of invisibility {unknown}
 k - 2 potions of lignification {unknown}
 m - a potion of cancellation {unknown}
 w - 3 potions of mutation {unknown}
 x - a potion of brilliance {unknown}
 z - a potion of haste


   Skills:
 - Level 1.1 Fighting
 - Level 2.0 Dodging
 - Level 5.0 Stealth
 - Level 0.4 Unarmed Combat
 + Level 10.0 Spellcasting
 - Level 2.0 Transmutations
 - Level 5.0 Earth Magic


You had 23 spell levels left.
You knew the following spells:

 Your Spells              Type           Power      Damage    Failure   Level
a - Sandblast             Erth           62%        2d14      1%          1
p - Petrify               Tmut/Erth      25%        N/A       6%          4

Your spell library contained the following spells:

 Spells                   Type           Power      Damage    Failure   Level
 Passwall                 Tmut/Erth      20%        N/A       1%          2
 Stone Arrow              Conj/Erth      42%        3d9       2%          3
 Ozocubu's Armour         Ice            10%        N/A       8%          3
 Tukima's Dance           Hex            10%        N/A       8%          3
 Passage of Golubria      Tloc           10%        N/A       26%         4
 Yara's Violent Unravell  Hex/Tmut       7%         3d5       41%         5
 Ozocubu's Refrigeration  Ice            5%         4d8       100%        7


Dungeon Overview and Level Annotations

Branches:
Dungeon (6/15)             Temple (1/1) D:4         Ossuary (visited)

Altars:
Kikubaaqudgha
Makhleb
Nemelex Xobeh
Qazlal
Sif Muna
Wu Jian
Yredelemnul
The Shining One

Shops:
D:5 *

Annotations:
D:1 exclusion: downstairs
D:5 Edmund


Innate Abilities, Weirdness & Mutations

You cannot wear most types of armour.
You are amphibious.
You can wear up to eight rings at the same time.
Your skin changes colour to match your surroundings (Stealth+).
Your rubbery body absorbs attacks. (AC +1, EV +1)
((You are camouflaged when in or above water. (Stealth+)))
You have tentacles for arms and can constrict up to eight enemies at once.


Message History

There are monsters nearby!
Edmund attacks as you move away!
Edmund hits you with a +0 flail of holy wrath.
Edmund attacks as you move away!
Edmund hits you with a +0 flail of holy wrath.
* * * LOW HITPOINT WARNING * * *
Edmund attacks as you move away! Edmund barely misses you.
There is a stone staircase leading up here.
Edmund barely misses you.
You climb upwards.
There is a stone staircase leading down, spattered with blood here.
Things that are here:
a +0 giant spiked club; an ogre corpse Edmund says, "People accused me of being a cutpurse!"
Edmund attacks as you move away! Edmund closely misses you.
Edmund attacks as you move away!
Edmund hits you with a +0 flail of holy wrath!
You see here a +0 giant club.
Edmund attacks as you move away!
Edmund hits you with a +0 flail of holy wrath.
Edmund attacks as you move away! Edmund barely misses you.
Edmund attacks as you move away! Edmund closely misses you.
Edmund attacks as you move away! Edmund misses you.
Edmund attacks as you move away!
Edmund hits you with a +0 flail of holy wrath.
Edmund attacks as you move away! Edmund barely misses you.
Edmund attacks as you move away!
Edmund hits you with a +0 flail of holy wrath!
* * * LOW HITPOINT WARNING * * *
Edmund attacks as you move away!
Edmund hits you with a +0 flail of holy wrath!
* * * LOW HITPOINT WARNING * * *
Casting: Sandblast (safe; 1% risk of failure)
Confirm with . or Enter, or press ? or * to list all spells.
Aiming: Petrify (dangerous; 6% risk of failure)
Press: ? - help, Shift-Dir - straight line, f - Edmund
Aim: Edmund, wielding a +0 flail of holy wrath and wearing a +0 scale mail (lightly wounded, chance to affect: 56%) Edmund is moving more slowly.
Edmund hits you with a +0 flail of holy wrath!
You die...

#........######### #########
#........#.......#
#####.......###........#.......##
..............'.................>
....#.##....###........#.......#.
..#.#.##.##.# #........#.......#.
....#.##.##.############.......#.
...#)..........@.# ###.......
####.....##...##@# #....... #
#..#######.##.# #....... # #..#
#....# ###########. # #..# ######
##.......# #. ####.########
#........# #. ...#.#......#
#....^...# #. ..#..#......#
#........# #. #...........#
#........# #. ###.........#
#........# #.


You could see Edmund (petrifying).

Vanquished Creatures
  Grinder (D:3)
  Sigmund (D:2)
  Eustachio (D:4)
  A water moccasin (D:3)
  An ice beast (D:5)
  3 ogres
  A phantom (D:5)
  An elf zombie (Ossuary)
  A bullfrog (D:5)
  A scorpion (D:5)
  2 centaur zombies (Ossuary)
  3 human zombies
  A gnoll bouda (D:5)
  2 hounds (D:5)
  An orc priest (D:5)
  An iguana (D:5)
  Crazy Yiuf (D:3)
  Jessica (D:2)
  3 scorpion zombies (D:4)
  3 orc wizards
  5 hound zombies (D:4)
  2 mummies (Ossuary)
  A howler monkey zombie (D:4)
  Robin (D:2)
  10 gnolls
  7 adders
  2 white imps
  3 adder zombies
  3 worms
  A dart slug (D:2)
  17 orcs
  7 ball pythons
  8 bats
  8 endoplasms
  2 giant cockroaches
  7 hobgoblins
  5 jackals
  3 quokkas
  7 frilled lizards
  15 goblins
  A goblin zombie (Ossuary)
  11 hobgoblin zombies
  2 jackal zombies (Ossuary)
  7 kobolds
  13 kobold zombies
  3 orc skeletons (D:4)
  10 orc zombies (Ossuary)
  10 rats
201 creatures vanquished.

Notes
Turn   | Place    | Note
-------+----------+-------------------------------------------
     0 | D:1      | Atelerd the Octopode Earth Elementalist began the quest for
                  | the Orb.
     0 | D:1      | Reached XP level 1. HP: 11/11 MP: 3/3
   140 | D:1      | Reached XP level 2. HP: 17/17 MP: 1/5
   575 | D:1      | Reached XP level 3. HP: 13/21 MP: 3/6
   864 | D:2      | Noticed Sigmund
   872 | D:2      | Killed Sigmund
   873 | D:2      | Reached skill level 1 in Fighting
   873 | D:2      | Reached skill level 4 in Spellcasting
   873 | D:2      | Reached XP level 4. HP: 13/28 MP: 3/10
   873 | D:2      | Reached XP level 5. HP: 15/33 MP: 3/11
  1056 | D:2      | Noticed Jessica
  1059 | D:2      | Killed Jessica
  1110 | D:2      | Noticed Robin
  1115 | D:2      | Reached XP level 6. HP: 26/38 MP: 8/12
  1150 | D:2      | HP: 1/38 [Robin/+0 mace (6)]
  1480 | D:2      | Found a faded altar of an unknown god.
  1646 | D:2      | Killed Robin
  1940 | D:2      | Found a stormy altar of Qazlal.
  2640 | D:3      | Found a runed translucent door.
  2641 | D:3      | Noticed Crazy Yiuf
  2684 | D:3      | Noticed a water moccasin
  2691 | D:3      | Killed a water moccasin
  2692 | D:3      | Reached skill level 5 in Earth Magic
  2692 | D:3      | Reached XP level 7. HP: 25/43 MP: 7/14
  2697 | D:3      | Learned a level 4 spell: Petrify
  2961 | D:3      | Noticed Grinder
  2965 | D:3      | Paralysed by Grinder for 4 turns
  3035 | D:3      | Paralysed by Grinder for 4 turns
  3051 | D:3      | Killed Grinder
  3052 | D:3      | Reached skill level 5 in Stealth
  3052 | D:3      | Reached skill level 5 in Spellcasting
  3457 | D:3      | Killed Crazy Yiuf
  3545 | D:4      | Found a staircase to the Ecumenical Temple.
  3581 | D:4      | Reached skill level 6 in Spellcasting
  3597 | D:4      | Found a sand-covered staircase.
  3602 | Ossuary  | Entered an ossuary
  3795 | Ossuary  | Reached XP level 8. HP: 20/48 MP: 8/17
  4042 | Ossuary  | Reached skill level 7 in Spellcasting
  4138 | D:4      | Noticed Eustachio
  4149 | D:4      | Killed Eustachio
  4234 | D:4      | Found a glowing golden altar of the Shining One.
  4648 | D:4      | Reached skill level 8 in Spellcasting
  4661 | D:4      | Found a basalt altar of Yredelemnul.
  4965 | D:5      | Entered Level 5 of the Dungeon
  5016 | Temple   | Entered the Ecumenical Temple
  5085 | Temple   | Became a worshipper of Sif Muna the Loreminder
  5253 | D:5      | Reached skill level 9 in Spellcasting
  5253 | D:5      | Reached XP level 9. HP: 53/53 MP: 19/22
  5267 | D:5      | Found Kyluz's Neck Hole.
  5907 | D:6      | Noticed Edmund
  5973 | D:5      | Reached * piety under Sif Muna
  5974 | D:5      | Reached skill level 10 in Spellcasting
  6024 | D:5      | Slain by Edmund

Illustrated notes

Levels and vault maps discovered:
D:1:      evilmike_arrival_fibonacci_small, layout_basic, dk_noncrumbling_4
D:2:      minmay_chambers_of_twos, layout_loops_ring, basic_altar,
          ebering_ecumenical_altar_mist, uniq_jessica, uniq_sigmund, uniq_robin
D:3:      layout_loops_corners, uniq_grinder, uniq_crazy_yiuf_cottage
D:4:      layout_cave_pools, nicolae_tso_besieged_by_evil,
          lemuel_mausoleum_altar_yredelemnul, temple_fountains,
          lightli_ossuary_entry_decrepit_ruins, uniq_eustachio
D:5:      layout_basic, nicolae_shop_sticking_my_neck_out
D:6:      layout_rooms, patterned_corridor, uniq_pikel, uniq_edmund
Temple:   bh_familiar_temple

Skill      XL: |  1  2  3  4  5  6  7  8  9 |
---------------+----------------------------+-----
Fighting       | 1 |  1.1
Spellcasting   | 4 6 9 10 | 10.0
Earth Magic    | 4 5 |  5.0
Stealth        | 4 5 |  5.0
Transmutations | 2 |  2.0
Dodging        | |  2.0
Unarmed Combat | |  0.4

Action                     |  1- 3 |  4- 6 |  7- 9 || total
---------------------------+-------+-------+-------++-------
  Melee: Unarmed           |    10 |       |       ||    10
         Constrict         |     5 |     7 |    34 ||    46
         Tentacles         |     3 |     2 |    29 ||    34
         Dagger            |     6 |    18 |    97 ||   121
   Cast: Sandblast         |    36 |    67 |   197 ||   300
         Petrify           |       |       |    10 ||    10
    Use: Potion            |     1 |     2 |     4 ||     7
   Stab: Sleeping          |     2 |     1 |     2 ||     5
         Petrified         |       |       |    12 ||    12
 Armour: Skin              |     3 |     2 |    34 ||    39
  Dodge: Dodged            |    31 |    59 |   198 ||   288
